Map: Coda LE (Void)

Players

MrNovember

  • Race: Zerg Zerg

Bop - Winner!

  • Race: Protoss Protoss

VOD

Have the link to the VOD?

Description

Time

  • Played on: May 3, 2015, 11:05 p.m.
  • Length: 6:23
Show
View Real Time Build Order
Export as new Build Order

MrNovember Zerg 

Build Orders: Hatch First 

Get SALT Encoding   

  12  0:03  Drone  
  13  0:11  Drone  
  14  0:17  Overlord  
  14  0:24  Extractor  
  14  0:25  Drone  
  15  0:36  Drone x2  
  17  0:54  Hatchery  
  16  0:58  Drone  
  17  1:06  Drone  
  18  1:18  Spawning Pool  
  18  1:21  Drone  
  18  1:22  Extractor  
  18  1:24  Drone  
  18  1:29  Drone  
  19  1:40  Drone  
  20  1:51  Drone  
  21  2:01  Drone  
  21  2:06  Queen x2  
  21  2:07  Zergling x2  
  27  2:15  Overlord  
  27  2:18  Drone  
  28  2:35  Drone x3  
  31  2:48  Hatchery  
  31  2:49  Metabolic Boost  
  30  2:52  Drone x2  
  30  2:55  Overlord  
  32  2:58  Drone  
  32  3:02  Drone  
  34  3:11  Drone x2  
  36  3:17  Queen  
  36  3:19  Overlord  
  38  3:21  Drone x2  
  40  3:28  Spine Crawler  
  40  3:31  Zergling x2  
  40  3:32  Zergling x8  
  44  3:36  Overlord  
  44  3:43  Overlord  
  44  3:45  Drone  
  45  3:51  Drone x2  
  45  3:53  Overlord  
  47  3:56  Drone  
  47  3:59  Drone  
  47  4:00  Drone x2  
  53  4:02  Drone  
  53  4:03  Drone x3  
  56  4:11  Zergling x4  
  56  4:16  Extractor  
  57  4:18  Spore Crawler  
  57  4:22  Drone x3  
  59  4:24  Drone x2  
  59  4:26  Drone x2  
  59  4:30  Lair, Overlord  
  63  4:31  Drone  
  63  4:32  Drone  
  63  4:36  Drone x2  
  68  4:39  Drone x2  
  69  4:46  Extractor x2  
  69  4:48  Drone x2  
  69  4:50  Roach Warren, Drone  
  67  4:57  Drone x2, Extractor x2  
  67  5:05  Drone  
  67  5:06  Drone x6  
  71  5:15  Evolution Chamber  
  71  5:16  Drone x3  
  71  5:18  Zergling x10  
  78  5:27  Zergling x4  
  79  5:30  Roach  
  81  5:36  Roach x4  
  80  5:45  Roach  
  80  5:48  Roach x2  
  66  5:51  Drone x8  
  60  5:57  Drone  
Show
View Real Time Build Order
Export as new Build Order

Bop Protoss - Winner!

Build Orders: Nexus First 

Get SALT Encoding   

  12  0:00  Probe  
  13  0:14  Probe  
  14  0:43  Nexus  
  14  0:58  Pylon  
  14  1:17  Gateway  
  14  1:19  Probe (Chrono Boost)  
  14  1:22  Assimilator  
  15  1:27  Assimilator  
  15  1:29  Probe (Chrono Boost)  
  16  1:36  Probe (Chrono Boost)  
  18  1:48  Probe (Chrono Boost)  
  18  1:54  Probe (Chrono Boost)  
  18  1:55  Pylon  
  18  1:56  Probe  
  20  2:04  Cybernetics Core  
  20  2:10  Probe x2  
  22  2:21  Gateway  
  23  2:30  Probe x2 (Chrono Boost)  
  24  2:40  Probe x2 (Chrono Boost)  
  26  2:44  Adept (Chrono Boost)  
  26  2:49  Probe x2  
  30  2:55  Warp Gate (Chrono Boost)  
  30  2:57  Pylon  
  30  3:06  Adept (Chrono Boost)  
  30  3:11  Adept (Chrono Boost)  
  34  3:14  Probe x2  
  36  3:26  Probe (Chrono Boost)  
  40  3:27  Sentry (Chrono Boost)  
  40  3:29  Probe (Chrono Boost)  
  40  3:31  Adept  
  42  3:34  Pylon  
  42  3:38  Probe (Chrono Boost)  
  44  3:42  Probe (Chrono Boost)  
  44  3:50  Gateway  
  44  3:51  Gateway  
  44  3:54  Gateway  
  44  3:58  Gateway  
  44  4:06  Probe x2  
  46  4:17  Gateway  
  46  4:18  Gateway  
  46  4:29  Pylon  
  42  4:42  Pylon  
  42  4:49  Adept x2  
  42  4:50  Adept x2  
  45  5:04  Adept x2  
  49  5:08  Probe x2  
  49  5:12  Adept x2  
  49  5:13  Adept x4  
  63  5:18  Pylon  
  63  5:19  Pylon  
  63  5:25  Pylon  
  63  5:35  Pylon  
  63  5:41  Adept x3  
  63  5:42  Adept x5  
  77  5:56  Pylon  
  71  6:04  Stalker x3  
  71  6:05  Zealot x2  
  81  6:15  Adept x3  
Tags
 
Add a new tag
Caveats
  • Supply blocks, unpowered buildings, or Contaminate may cause inaccurate times.
  • Supply counts are checked every 10 seconds.